 Dungeon Crawl Stone Soup version 0.27-a0-1529-g1e82c303ef (webtiles) character file.

Game seed: 5897403590973950280

0 Feb132020 the Firebug (level 1, 10/10 HPs)
             Began as a Gargoyle Fire Elementalist on July 12, 2021.
             Quit the game on level 1 of the Dungeon.
             The game lasted 00:00:31 (82 turns).

Feb132020 the Firebug (Gargoyle Fire Elementalist)    Turns: 82, Time: 00:00:32

Health: 10/10      AC:  4    Str: 10 (11) XL:     1   Next: 10%
Magic:  3/3        EV: 11    Int: 12 (15) God:
Gold:   15         SH:  0    Dex:  7 (10) Spells: 3/4 levels left

rFire    + . .     SeeInvis .   (no weapon)
rCold    . . .     Faith    .   (no shield)
rNeg     + . .     Spirit   .   a - +0 robe
rPois    ∞         Reflect  .   (no helmet)
rElec    +         Harm     .   (no cloak)
rCorr    .         Rampage  .   (no gloves)
Will     .....                  (no boots)
Stlth    ++........             (no amulet)
HPRegen  0.03/turn              d - ring of protection from fire
MPRegen  0.08/turn              (no ring)

@: no status effects
A: sickness immunity, AC +2, negative energy resistance 1, electricity
resistance, torment resistance 1, petrification resistance
a: no special abilities


You were on level 1 of the Dungeon.
You visited 1 branch of the dungeon, and saw 1 of its levels.

You collected 15 gold pieces.

Inventory:

Armour
 a - a +0 robe (worn)
Jewellery
 d - a ring of protection from fire (left hand)
Potions
 b - 3 potions of heal wounds {unknown}
 c - a potion of degeneration


   Skills:
 + Level 1.5 Dodging
 + Level 2.1 Stealth
 + Level 2.0 Spellcasting
 + Level 1.1 Conjurations
 + Level 3.0 Fire Magic


You had 3 spell levels left.
You knew the following spells:

 Your Spells              Type           Power      Damage    Failure   Level
a - Foxfire               Conj/Fire      24%        2x1d5     12%         1

Your spell library contained the following spells:

 Spells                   Type           Power      Damage    Failure   Level
 Conjure Flame            Conj/Fire      6%         6-21      34%         3
 Inner Flame              Hex/Fire       4%         N/A       41%         3
 Sticky Flame             Conj/Fire      6%         2d3       75%         4
 Fireball                 Conj/Fire      3%         3d4       97%         5


Dungeon Overview and Level Annotations

Branches:
Dungeon (1/15)

Altars:


Innate Abilities, Weirdness & Mutations

You are immune to sickness and miasma.
Your stone body is resilient. (AC +2)
You are immune to poison.
You resist negative energy. (rN+)
You are resistant to electric shocks. (rElec)
You are resistant to unholy torment.
You are immune to petrification.


Message History

Found a staircase leading out of the dungeon.
You open the large door.
There is a large open door here.
You open the door.
A bat comes into view.
There is an open door here.
Casting: Foxfire (safe; 10% risk of failure)
Confirm with . or Enter, or press ? or * to list all spells.
You conjure some foxfire!
The foxfire hits the bat.
You kill the bat!
Your foxfire dissipates!
Magic restored.
You open the door.
There is an open door here.
You open the door.
There is an open door here.
You open the large door.
There is a large open door here.
You open the door.
There is an open door here.
There is an open door here.
You open the large door.
There is a large open door here.
You enter the shallow water.
Moving in this stuff is going to be slow.
b - a coppery potion
b - 3 coppery potions (gained 2)
c - 2 dark potions
d - a ring of protection from fire
d - a ring of protection from fire (left hand)
You aren't carrying any scrolls.
Unknown command.
You now have 11 gold pieces.
You now have 15 gold pieces (gained 4).
Found a stone staircase leading down.
It was a potion of degeneration.
There was something very wrong with that liquid.
You feel weakened.
You feel dopey.
You feel clumsy.
Are you sure you want to abandon this character and quit the game? (Confirm with "yes".)

≈≈≈≈≈≈≈≈≈≈≈≈≈≈≈≈≈....#
≈≈≈≈≈≈≈≈≈≈≈≈≈≈≈≈≈....#
.....................#
....................##
....###.............#
#.#####.#####.# #.#
#.# .# #.# #.# ## #@#
#.# ...............
#####.#.#####.. #...#
# ..# #..# ##.# #>.


There were no monsters in sight!

Vanquished Creatures
  A bat (D:1)
1 creature vanquished.

Vanquished Creatures (others)
  A foxfire (D:1)
1 creature vanquished.

Grand Total: 2 creatures vanquished

Notes
Turn   | Place    | Note
-------+----------+-------------------------------------------
     0 | D:1      | Feb132020 the Gargoyle Fire Elementalist began the quest
                  | for the Orb.
     0 | D:1      | Reached XP level 1. HP: 10/10 MP: 3/3
    82 | D:1      | Quit the game

Illustrated notes

Levels and vault maps discovered:
D:1:      dpeg_arrival_castle, layout_basic,
          hellmonk_ecumenical_altar_slurped_away, hangedman_feature_mirror

Action                   || total
-------------------------++-------
 Cast: Foxfire           ||     1
  Use: Potion            ||     1

Table legend: (Time is in decaauts)
 A = Elapsed time spent in this place.
 B = Non-inter-level travel time spent in this place.
 C = Inter-level travel time spent in this place.
 D = Time resting spent in this place.
 E = Time spent auto-exploring this place.
 F = Levels seen in this place.
 G = Mean time per level.
                   A        B        C        D        E       F      G
               +--------+--------+--------+--------+--------+-----+--------+
         Total |     83 |     83 |      0 |      0 |     75 |   1 |   83.0 |
       Dungeon |     83 |     83 |      0 |      0 |     75 |   1 |   83.0 |
               +--------+--------+--------+--------+--------+-----+--------+

Top non-repeatable levels by time:
     D:1: 83 daAuts
